 Dungeon Crawl Stone Soup version 0.29-a0-418-gc0181ea820 (webtiles) character file.

Game seed: 9323828668072786299

10103 hquester the Envoy of Void (level 11, -5/87 HPs)
             Began as a Demonspawn Abyssal Knight on May 17, 2022.
             Was a High Priest of Lugonu.
             Slain by a two-headed ogre
             ... wielding a +0 giant spiked club
              (14 damage)
             ... on level 11 of the Dungeon.
             The game lasted 00:46:32 (12850 turns).

hquester the Envoy of Void (DsAK)                  Turns: 12850, Time: 00:46:33

Health: -5/87      AC: 18    Str: 19    XL:     11   Next: 31%
Magic:  19/19      EV: 15    Int: 15    God:    Lugonu [*****.]
Gold:   660        SH:  0    Dex: 18    Spells: 10/10 levels left

rFire   + . .      SeeInvis .   k - +5 quick blade
rCold   . . .      Faith    .   (no shield)
rNeg    . . .      Spirit   .   A - +0 swamp dragon scales
rPois   +          Reflect  .   x - +2 helmet
rElec   .          Harm     .   l - +2 cloak
rCorr   .          Rampage  .   (no gloves)
Will    .....                   (no boots)
Stlth   +.........              r - amulet of magic regeneration
HPRegen 0.24/turn               w - +6 ring of strength
MPRegen 0.56/turn               J - ring "Pevori" {rF+ Int+3}

@: about to teleport, studying Armour
A: molten scales 1, ignite blood 1, powered by death 1, demonic touch 2
a: Renounce Religion, Depart the Abyss, Bend Space, Banish, Corrupt, Enter the
Abyss


You were on level 11 of the Dungeon.
You worshipped Lugonu.
Lugonu was extremely pleased with you.
You visited 2 branches of the dungeon, and saw 12 of its levels.
You visited the Abyss 1 time.

You collected 684 gold pieces.
You spent 24 gold pieces at shops.

Inventory:

Hand Weapons
 a - a +1 short sword
 k - a +5 quick blade (weapon)
Missiles
 u - 2 throwing nets
Armour
 l - a +2 cloak (worn)
 x - a +2 helmet (worn)
 A - +0 swamp dragon scales (worn)
 B - a +1 plate armour of positive energy
Jewellery
 r - an amulet of magic regeneration (around neck)
 t - a ring of poison resistance
 w - a +6 ring of strength (left hand)
 J - the ring "Pevori" (right hand) {rF+ Int+3}
   (You acquired it on level 10 of the Dungeon)

   [ring of protection from fire]

   Int:       It affects your intelligence (+3).
   rF:        It protects you from fire.
Wands
 n - a wand of mindburst (14)
 o - a wand of flame (31)
 y - a wand of digging (5)
 D - a wand of charming (10)
 G - a wand of iceblast (11)
Scrolls
 g - 3 scrolls of poison
 i - 2 scrolls of immolation
 j - 3 scrolls of teleportation
 m - 2 scrolls of identify
 v - 3 scrolls of fear
 E - a scroll of acquirement
 F - a scroll of blinking
 H - a scroll of silence
 I - a scroll of enchant weapon
Potions
 b - a potion of mutation
 c - 4 potions of lignification
 d - a potion of ambrosia
 e - a potion of cancellation
 f - 4 potions of might
 h - 3 potions of magic
 p - 3 potions of brilliance
 q - a potion of invisibility
 z - a potion of resistance
 C - 2 potions of flight


   Skills:
 + Level 8.6 Fighting
 + Level 7.6 Short Blades
 + Level 7.6 Armour
 + Level 7.4 Dodging
 + Level 10.8 Invocations


You had 10 spell levels left.
You didn't know any spells.
Your spell library contained the following spells:

 Spells                   Type           Power      Damage    Failure   Level
 Freeze                   Ice            0%         1d3       41%         1
 Magic Dart               Conj           0%         1d3       41%         1
 Sandblast                Erth           0%         2d4       41%         1
 Shock                    Conj/Air       0%         1d3       41%         1
 Summon Small Mammal      Summ           0%         N/A       41%         1
 Passwall                 Tmut/Erth      0%         N/A       54%         2
 Searing Ray              Conj           0%         2d4       54%         2
 Call Canine Familiar     Summ           0%         N/A       78%         3
 Frozen Ramparts          Ice            0%         1d2       78%         3
 Stone Arrow              Conj/Erth      0%         3d7       78%         3
 Summon Guardian Golem    Hex/Summ       0%         N/A       78%         3
 Swiftness                Air            0%         N/A       78%         3
 Airstrike                Air            0%         N/A       99%         4
 Fulminant Prism          Conj/Hex       0%         3d6       99%         4
 Hailstorm                Conj/Ice       0%         3d3       99%         4


Dungeon Overview and Level Annotations

Branches:
Dungeon (11/15)            Temple (1/1) D:4            Lair (0/6) D:10
    Orc (0/2) D:9

Altars:
Ashenzari
Cheibriados
Dithmenos
Elyvilon
Fedhas
Gozag
Hepliaklqana
Kikubaaqudgha
Makhleb
Nemelex Xobeh
Okawaru
Qazlal
Ru
Sif Muna
Trog
Uskayaw
Vehumet
Wu Jian
Xom
Yredelemnul
Zin
The Shining One

Shops:
D:1 :   D:3 *   D:10 *

Annotations:
D:11 Urug


Innate Abilities, Weirdness & Mutations

You are partially covered in molten scales. (AC +2)
Your demonic aura sometimes causes spilled blood to erupt in flames.
You regenerate a little health from kills.
Your touch may inflict irresistible damage on your foes.


Message History

The two-headed ogre shouts in stereo!
The air fills with toxic fumes!
As you read the scroll of poison, it crumbles to dust.
The two-headed ogre is engulfed in poison gas.
The two-headed ogre is poisoned.
As you read the scroll of teleportation, it crumbles to dust.
You feel strangely unstable.
The two-headed ogre is engulfed in poison gas.
The two-headed ogre looks even sicker.
You feel better.
The two-headed ogre is engulfed in poison gas.
The two-headed ogre looks even sicker.
The seven-headed hydra bites you but does no damage.
The seven-headed hydra bites you.
* * * LOW HITPOINT WARNING * * *
The seven-headed hydra bites you but does no damage. x2
The seven-headed hydra bites you.
* * * LOW HITPOINT WARNING * * *
The seven-headed hydra closely misses you. x2
You puncture the seven-headed hydra!
The seven-headed hydra is lightly wounded.
You hit the seven-headed hydra.
You touch the seven-headed hydra!
The seven-headed hydra is moderately wounded.
You puncture the seven-headed hydra!
The seven-headed hydra is heavily wounded.
The two-headed ogre looks as sick as possible!
The seven-headed hydra bites you but does no damage.
The seven-headed hydra closely misses you. x2
The seven-headed hydra bites you but does no damage.
The seven-headed hydra bites you.
* * * LOW HITPOINT WARNING * * *
The seven-headed hydra bites you!
* * * LOW HITPOINT WARNING * * *
The seven-headed hydra bites you but does no damage.
Unknown command.
You feel better.
The two-headed ogre is engulfed in poison gas.
The two-headed ogre looks as sick as possible!
The two-headed ogre hits you with a +0 giant spiked club!
You die...

... #☼# ## #§#
....###§####.#
#...§§.....#
#####☼###### #§#
#D########
#☼@O§§☼§.§
#######§#§
##########
.....K..K#
...#####o####.#.


You could see a seven-headed hydra and a two-headed ogre (extremely poisoned).

Vanquished Creatures
  2 two-headed ogres (D:9)
  An elephant (D:10)
  A gargoyle (D:10)
  Maggie (D:8)
  Grinder (D:5)
  2 wyverns
  14 yaks (D:9)
  A wraith (D:11)
  2 steam dragons (D:8)
  Menkaure (D:6)
  2 water moccasins
  4 orc warriors
  The ghost of ew1980 the Shield-Bearer, an amateur TrFi (D:2)
  3 sky beasts (D:8)
  3 black bears
  An ice beast (D:5)
  5 centaurs
  2 kobold brigands
  A necrophage (D:5)
  6 bullfrogs
  2 gnoll sergeants
  2 scorpions
  8 wights
  3 howler monkeys
  A hound (D:5)
  A jelly (D:5)
  2 gnoll shamans
  8 orc priests
  3 iguanas
  Crazy Yiuf (D:5)
  Ijyb (D:4)
  Natasha (thrice) (D:3)
  10 orc wizards
  A mummy (D:7)
  17 gnolls
  7 adders
  A shadow imp (D:6)
  A white imp (D:6)
  2 ufetubi
  4 worms
  A dart slug (D:4)
  39 orcs
  6 ball pythons
  8 endoplasms
  5 giant cockroaches
  9 goblins
  10 hobgoblins
  6 jackals
  16 kobolds
  A quokka (D:3)
  2 bats
  4 frilled lizards
  A rat (D:2)
240 creatures vanquished.

Vanquished Creatures (collateral kills)
  A gargoyle (D:10)
1 creature vanquished.

Vanquished Creatures (others)
  Erica (D:8)
  2 plants
  2 withered plants (D:9)
5 creatures vanquished.

Grand Total: 246 creatures vanquished

Notes
Turn   | Place    | Note
-------+----------+-------------------------------------------
     0 | Abyss:1  | hquester the Demonspawn Abyssal Knight began the quest for
                  | the Orb.
     0 | Abyss:1  | Reached XP level 1. HP: 18/18 MP: 2/2
    17 | D:1      | Escaped the Abyss
   170 | D:1      | Reached skill level 1 in Dodging
   633 | D:1      | Found a faded altar of an unknown god.
   733 | D:1      | Gained mutation: Your touch may inflict minor irresistible
                  | damage on your foes. [demonic ancestry]
   733 | D:1      | Reached XP level 2. HP: 20/24 MP: 4/4
  1030 | D:1      | Found Xura's Book Emporium.
  1446 | D:2      | Reached skill level 3 in Invocations
  1446 | D:2      | Gained mutation: You are partially covered in molten
                  | scales. (AC +2) [demonic ancestry]
  1446 | D:2      | Reached XP level 3. HP: 27/29 MP: 5/5
  1952 | D:2      | Found a shimmering blue altar of Sif Muna.
  2047 | D:2      | Reached *** piety under Lugonu
  2137 | D:3      | Found a runed translucent gate.
  2137 | D:3      | Found a runed translucent gate.
  2137 | D:3      | Found a runed translucent gate.
  2137 | D:3      | Noticed ew1980's ghost (amateur TrFi)
  2522 | D:3      | Found Zucad's General Store.
  2530 | D:3      | Bought a scroll of identify for 24 gold pieces
  2783 | D:3      | Noticed Natasha
  2794 | D:3      | Killed Natasha
  2795 | D:3      | Gained mutation: You regenerate a little health from kills.
                  | [demonic ancestry]
  2795 | D:3      | Reached XP level 4. HP: 31/35 MP: 6/6
  3274 | D:2      | Identified a scroll of acquirement
  3274 | D:2      | Acquired a +4 quick blade
  3596 | D:2      | Killed ew1980's ghost
  3597 | D:2      | Reached skill level 4 in Invocations
  3597 | D:2      | Reached XP level 5. HP: 27/42 MP: 6/8
  3838 | D:3      | Noticed Natasha
  3849 | D:3      | Killed Natasha
  3859 | D:3      | Noticed Natasha
  3866 | D:3      | Killed Natasha
  3971 | D:4      | Reached XP level 6. HP: 47/48 MP: 9/9
  4148 | D:4      | Noticed Ijyb
  4163 | D:4      | Killed Ijyb
  4486 | D:4      | Reached **** piety under Lugonu
  4711 | D:4      | Found a shimmering altar of Xom.
  4798 | D:4      | Found a staircase to the Ecumenical Temple.
  4804 | Temple   | Entered the Ecumenical Temple
  5047 | D:5      | Entered Level 5 of the Dungeon
  5074 | D:5      | Noticed an ice beast
  5079 | D:5      | Killed an ice beast
  5080 | D:5      | Reached skill level 5 in Invocations
  5080 | D:5      | Reached XP level 7. HP: 55/55 MP: 10/10
  5458 | D:5      | Found a runed translucent door.
  5459 | D:5      | Noticed Crazy Yiuf
  5610 | D:5      | Reached skill level 5 in Fighting
  5655 | D:5      | Gained mutation: Your demonic aura sometimes causes spilled
                  | blood to erupt in flames. [demonic ancestry]
  5655 | D:5      | Reached XP level 8. HP: 62/62 MP: 12/12
  5660 | D:5      | Reached skill level 6 in Invocations
  5690 | D:5      | Noticed Grinder
  5698 | D:5      | Killed Grinder
  6268 | D:5      | Killed Crazy Yiuf
  6273 | D:5      | Identified the +5 mace of the Four Wishes {pain, *Corrode
                  | rPois rN+ Str+2}
  7036 | D:6      | Noticed Menkaure
  7045 | D:6      | Killed Menkaure
  7513 | D:6      | Reached skill level 7 in Invocations
  8009 | D:7      | Reached skill level 5 in Short Blades
  8009 | D:7      | Reached skill level 5 in Armour
  8509 | D:7      | Gained mutation: Your touch may inflict irresistible damage
                  | on your foes. [demonic ancestry]
  8509 | D:7      | Reached XP level 9. HP: 69/69 MP: 14/14
  8876 | D:7      | Reached skill level 5 in Dodging
  9359 | D:7      | Found a snail-covered altar of Cheibriados.
  9490 | D:8      | Noticed Maggie
  9507 | D:8      | Killed Maggie
  9508 | D:8      | Reached skill level 8 in Invocations
  9692 | D:8      | Reached ***** piety under Lugonu
 10119 | D:8      | Noticed Erica
 10145 | D:8      | Killed Erica
 10146 | D:8      | Reached XP level 10. HP: 30/79 MP: 16/16
 10420 | D:8      | Reached skill level 9 in Invocations
 10572 | D:8      | Found a stormy altar of Qazlal.
 10595 | D:8      | Found an ornate altar of the Wu Jian Council.
 10794 | D:9      | Found an ancient bone altar of Kikubaaqudgha.
 10823 | D:9      | Noticed a two-headed ogre
 11029 | D:9      | Found a blossoming altar of Fedhas.
 11048 | D:9      | Killed a two-headed ogre
 11157 | D:9      | Noticed a two-headed ogre
 11176 | D:9      | Killed a two-headed ogre
 11488 | D:9      | Found a staircase to the Orcish Mines.
 11532 | D:9      | Reached skill level 10 in Invocations
 11574 | D:9      | Reached XP level 11. HP: 82/86 MP: 18/18
 11803 | D:9      | Noticed a fire dragon
 11851 | D:10     | Entered Level 10 of the Dungeon
 11889 | D:10     | Found a staircase to the Lair.
 12172 | D:10     | Found Puonili's General Store.
 12735 | D:10     | Acquired a manual of Armour
 12737 | D:10     | Acquired the ring "Pevori" {rF+ Int+3}
 12822 | D:11     | Noticed Urug
 12836 | D:11     | HP: 4/87 [Urug/+2 great sword of holy wrath (2)]
 12838 | D:11     | Noticed a seven-headed hydra
 12842 | D:11     | Noticed a two-headed ogre
 12849 | D:11     | HP: 1/87 [seven-headed hydra (7)]
 12850 | D:11     | Slain by a two-headed ogre

Illustrated notes

Levels and vault maps discovered:
D:1:      dpeg_arrival_castle, layout_basic, serial_shops, nicolae_diamond_shop,
          shapermc_ecumenical_altar_totnotflames
D:2:      layout_loops_ring, basic_altar
D:3:      layout_loops_ring, gammafunk_ghost_split, serial_shops, shop,
          serial_co_window_serial, co_window_paths_b,
          co_window_of_opportunity_a, co_window_corner_a, co_window_corner_a,
          co_window_paths_a, co_window_corner_ca, co_window_unsneaky_path_e,
          co_window_corner_b, kennysheep_generic_room_16, uniq_natasha
D:4:      layout_cave_pools, gammafunk_temple_overflow_pools,
          minmay_temple_entry_statues_pillars, st_stairs_7, uniq_ijyb
D:5:      layout_loops_ring, uniq_grinder, uniq_crazy_yiuf_cottage
D:6:      layout_layer_cave, uniq_menkaure
D:7:      layout_layer_cave, slow_altar_2, minmay_misc_feat_enclosed
D:8:      layout_gridville, kennysheep_mini, elyvilon_altar_5,
          nicolae_qazlal_general_emergency, hangedman_misty_isle, uniq_maggie,
          uniq_erica
D:9:      dragon1_lemuel, layout_rooms, grunt_temple_overflow_growth_and_decay,
          interstate_on_off
D:10:     layout_irregular_city, david_lair_generic, serial_shops,
          kennysheep_little_box, minmay_fractal_squares_gapless_5
D:11:     layout_loops_ring, special_room [special_room_bee], uniq_urug
Temple:   eino_temple_water

Skill      XL: |  1  2  3  4  5  6  7  8  9 10 |
---------------+-------------------------------+-----
Dodging        | 1 2 3 4 5 7 |  7.4
Short Blades   | 2 3 4 5 6 7 |  7.6
Armour         | 2 3 4 5 6 7 |  7.6
Invocations    | 3 4 5 7 8 10 | 10.8
Fighting       | 4 5 6 7 8 |  8.6

Action                   |  1- 3 |  4- 6 |  7- 9 | 10-12 || total
-------------------------+-------+-------+-------+-------++-------
Melee: Short sword       |   119 |     9 |       |       ||   128
       Touch             |    19 |    26 |    75 |    77 ||   197
       Punch             |     1 |     5 |     8 |     7 ||    21
       Quick blade       |       |   135 |   388 |   304 ||   827
  Use: Scroll            |     9 |     7 |     6 |     8 ||    30
       Potion            |       |     1 |     1 |     3 ||     5
Armor: Leather armour    |    12 |       |       |       ||    12
       Ring mail         |    24 |    30 |       |       ||    54
       Skin              |       |     9 |       |       ||     9
       Plate armour      |       |     6 |   120 |     1 ||   127
       Swamp dragon scal |       |       |    32 |    38 ||    70
Dodge: Dodged            |    68 |    42 |    98 |   115 ||   323

Table legend: (Time is in decaauts)
 A = Elapsed time spent in this place.
 B = Non-inter-level travel time spent in this place.
 C = Inter-level travel time spent in this place.
 D = Time resting spent in this place.
 E = Time spent auto-exploring this place.
 F = Levels seen in this place.
 G = Mean time per level.
                   A        B        C        D        E       F      G
               +--------+--------+--------+--------+--------+-----+--------+
         Total |  12418 |  12114 |    304 |   1221 |   8676 |  13 |  955.2 |
       Dungeon |  12177 |  11889 |    288 |   1221 |   8474 |  11 | 1107.0 |
        Temple |    223 |    207 |     16 |      0 |    192 |   1 |  223.0 |
         Abyss |     17 |     17 |      0 |      0 |     10 |   1 |   17.0 |
               +--------+--------+--------+--------+--------+-----+--------+

Top non-repeatable levels by time:
     D:1: 1594 daAuts
     D:6: 1519 daAuts
     D:7: 1503 daAuts
     D:8: 1408 daAuts
     D:3: 1251 daAuts
     D:5: 1224 daAuts
     D:2: 1014 daAuts
     D:4: 901 daAuts
    D:10: 851 daAuts
     D:9: 844 daAuts
  Temple: 223 daAuts
    D:11: 63 daAuts
 Abyss:1: 17 daAuts
